 Dungeon Crawl Stone Soup version 0.31-a0-1611-g890cdf5628 (webtiles) character file.

Game seed: 5092807545942470012

32 Laraso the Magician (level 3, -2/26 HPs)
             Began as a Draconian Fire Elementalist on Jan 8, 2024.
             Slain by a sleepcap (19 damage)
             ... on level 4 of the Dungeon.
             The game lasted 00:02:34 (1575 turns).

Laraso the Magician (Draconian Fire Elementalist)   Turns: 1575, Time: 00:02:34

Health: -2/26      AC:  5    Str: 10    XL:     3   Next: 10%
Magic:  2/7        EV:  2    Int: 17    God:
Gold:   44         SH:  0    Dex: 11    Spells: 5/8 levels left

rFire   . . .        a - +0 spear
rCold   . . .        (no shield)
rNeg    . . .        (body armour unavailable)
rPois   .            (helmet restricted)
rElec   .            (no cloak)
rCorr   .            (no gloves)
SInv    .            (no boots)
Will    .....        (no amulet)
Stlth   ++           (no ring)
HPRegen 0.24/turn    (no ring)
MPRegen 0.10/turn

%: no passive effects
@: sleeping
A: AC +5, unfitting armour, cold-blooded
a: no special abilities


You were on level 4 of the Dungeon.
You visited 1 branch of the dungeon, and saw 3 of its levels.

You collected 44 gold pieces.

Inventory:

Hand Weapons
 a - a +0 spear (weapon)
Jewellery
 g - an amulet of the acrobat
Scrolls
 e - a scroll of revelation
 j - a scroll of poison
Potions
 b - a potion of mutation {unknown}
 d - a potion of magic
 i - a potion of ambrosia {unknown}
 k - a potion of enlightenment {unknown}


   Skills:
 - Level 1.7 Dodging
 - Level 1.7 Stealth
 * Level 3.4 Spellcasting
 - Level 1.0 Conjurations
 - Level 3.0 Fire Magic


You had 5 spell levels left.
You knew the following spells:

 Your Spells              Type           Power      Damage    Failure   Level
a - Foxfire               Conj/Fire      36%        2x1d5     8%          1
b - Scorch                Fire           26%        2d6       8%          2

Your spell library contained the following spells:

 Spells                   Type           Power      Damage    Failure   Level
 Shock                    Conj/Air       16%        1d4       14%         1
 Inner Flame              Hex/Fire       8%         N/A       26%         3
 Volatile Blastmotes      Fire/Tloc      16%        2d11      26%         3
 Swiftness                Air            2%         N/A       45%         3
 Flame Wave               Conj/Fire      9%         2d6       58%         4
 Airstrike                Air            1%         2d(1-17)  86%         4


Dungeon Overview and Level Annotations

Branches:
Dungeon (2/15)

Altars:


Innate Abilities, Weirdness & Mutations

Your plain brown scales are hard. (AC +5)
You cannot fit into any form of body armour.
You are cold-blooded and may be slowed by cold attacks.


Message History

Confirm with . or Enter, or press ? or * to list all spells.
Flames lash the sleepcap.
The sleepcap is heavily damaged.
The sleepcap barely misses you.
Unknown command.
You hit the sleepcap.
You tail-slap the sleepcap, but do no damage.
The sleepcap is heavily damaged.
The sleepcap closely misses you. The sleepcap barely misses you.
The sleepcap attacks as it pursues you!
The sleepcap releases spores at you but does no damage.
The sleepcap is no longer more vulnerable to fire.
You hit the sleepcap but do no damage. You tail-slap the sleepcap.
The sleepcap is severely damaged.
The sleepcap releases spores at you but does no damage.
You hit the sleepcap.
You punch the sleepcap, but do no damage.
The sleepcap is severely damaged.
The sleepcap closely misses you.
You hit the sleepcap.
The sleepcap is severely damaged.
The sleepcap releases spores at you.
You hit the sleepcap.
The sleepcap is almost destroyed.
The sleepcap releases spores at you but does no damage.
You hit the sleepcap but do no damage.
The sleepcap is almost destroyed.
The sleepcap barely misses you.
You hit the sleepcap but do no damage.
The sleepcap is almost destroyed.
The sleepcap closely misses you.
You hit the sleepcap.
The sleepcap is almost destroyed.
The sleepcap releases spores at you.
You are engulfed in a cloud of soporific spores!
You fall asleep.
The sleepcap releases spores at you!!
Ouch! That really hurt!
You die...

..>## #.#.# ....#
#.#.# ### ....###.#.#
..# ........#.#####.#
........#.##..#.#
........#.##..#.#
........#.##..#†#
#.......#.##..#.######
#.......#.......@....#
#.......#######f####.#
#...............# .#
################# .#
.. .# .# .#


You could see a sleepcap.

Vanquished Creatures
  2 ball pythons
  4 bats
  5 endoplasms
  4 giant cockroaches
  2 goblins (D:1)
  3 hobgoblins
  A kobold (D:2)
  3 quokkas
  A rat (D:1)
25 creatures vanquished.

Vanquished Creatures (others)
  14 foxfires
14 creatures vanquished.

Grand Total: 39 creatures vanquished

Notes
Turn   | Place    | Note
-------+----------+-------------------------------------------
     0 | D:1      | Laraso the Draconian Fire Elementalist began the quest for
                  | the Orb.
     0 | D:1      | Reached XP level 1. HP: 14/14 MP: 3/3
   232 | D:1      | Reached XP level 2. HP: 20/20 MP: 3/5
   284 | D:1      | Learned a level 2 spell: Scorch
   633 | D:1      | Found a faded altar of an unknown god.
  1404 | D:2      | Reached XP level 3. HP: 26/26 MP: 2/7
  1466 | D:2      | You fall into a shaft and drop 2 floors!
  1575 | D:4      | Slain by a sleepcap

Illustrated notes

Levels and vault maps discovered:
D:1:      dpeg_arrival_solitude, layout_loops_corners,
          ebering_ecumenical_altar_petrified
D:2:      layout_loops_ring, uniq_crazy_yiuf_cottage
D:4:      black_bear_nest_1, layout_basic, grunt_dithmenos_smoke

Skill      XL: |  1  2 |
---------------+-------+-----
Spellcasting   | 3 |  3.4
Dodging        | |  1.7
Stealth        | |  1.7
Conjurations   | |  1.0
Fire Magic     | |  3.0

Action                     || total
---------------------------++-------
  Melee: Spear             ||    20
         Tailslap          ||     2
         Punch             ||     1
   Cast: Foxfire           ||     8
         Scorch            ||    20
    Use: Scroll            ||     5
 Armour: Skin              ||    20
  Dodge: Dodged            ||    17

Table legend: (Time is in decaauts)
 A = Elapsed time spent in this place.
 B = Non-inter-level travel time spent in this place.
 C = Inter-level travel time spent in this place.
 D = Time resting spent in this place.
 E = Time spent auto-exploring this place.
 F = Levels seen in this place.
 G = Mean time per level.
                   A        B        C        D        E       F      G
               +--------+--------+--------+--------+--------+-----+--------+
         Total |   1575 |   1556 |     19 |     18 |   1284 |   3 |  525.0 |
       Dungeon |   1575 |   1556 |     19 |     18 |   1284 |   3 |  525.0 |
               +--------+--------+--------+--------+--------+-----+--------+

Top non-repeatable levels by time:
     D:1: 1217 daAuts
     D:2: 248 daAuts
     D:4: 109 daAuts
